 Dungeon Crawl Stone Soup version 0.15.0-11-g6f4f891 (webtiles) character file.

133 MDvedh the Ruffian (level 4, -8/41 HPs)
             Began as a Troll Death Knight on Aug 31, 2014.
             Was a Believer of Yredelemnul.
             Mangled by a goliath beetle (26 damage)
             ... on Level 3 of the Dungeon.
             The game lasted 00:01:56 (1542 turns).

MDvedh the Ruffian (Troll Death Knight)             Turns: 1542, Time: 00:01:56

HP  -8/41        AC  5     Str 22      XL: 4   Next: 93%
MP   3/3         EV  9     Int  7      God: Yredelemnul [**....]
Gold 124         SH  0     Dex  9      Spells:  0 memorised,  3 levels left

rFire  . . .     SeeInvis .       - Unarmed
rCold  . . .     Clarity  .     b - +0 robe
rNeg   . . .     rCorr    .     (shield restricted)
rPois  .         rRot     .     (helmet restricted)
rElec  .         Spirit   .     (no cloak)
SustAb .         Warding  .     (gloves unavailable)
rMut   .         Stasis   .     (boots unavailable)
Gourm  +                        (no amulet)
MR     .....                    (no ring)
                                (no ring)

@: lethally poisoned, not resistant to hostile enchantments, very unstealthy
A: unfitting armour, claws 3, fast metabolism 3, gourmand, regeneration 2,
saprovore 2, shaggy fur 1, tough skin 2
a: Animate Remains, Recall Undead Slaves, Injury Mirror, Renounce Religion


You were on level 3 of the Dungeon.
You worshipped Yredelemnul.
Yredelemnul was pleased with you.
You were not hungry.

You visited 1 branch of the dungeon, and saw 3 of its levels.

You collected 124 gold pieces.

Inventory:

Armour
 b - a +0 robe (worn)
Comestibles
 a - 2 meat rations
 i - 3 bread rations
Scrolls
 c - 4 scrolls of identify {unknown}
 f - a scroll of remove curse {unknown}
 h - 2 scrolls of enchant armour {unknown}
 j - a scroll of random uselessness {unknown}
 k - a scroll of blinking {unknown}
 l - a scroll of teleportation {unknown}
 m - a scroll of recharging {unknown}
 n - a scroll of magic mapping {unknown}
Potions
 d - a potion of cure mutation {unknown}
 e - 3 potions of curing {unknown}
 g - a potion of heal wounds {unknown}


   Skills:
 - Level 1.5 Fighting
 - Level 1.2 Dodging
 + Level 5.2 Unarmed Combat
 - Level 2.4 Invocations


You had 3 spell levels left.
You didn't know any spells.

Dungeon Overview and Level Annotations

Branches:
Dungeon (3/15)

Altars:


Innate Abilities, Weirdness & Mutations

You are too large for most types of armour.
You have claws for hands.
Your metabolism is lightning-fast.
You like to eat raw meat.
You heal very quickly.
You can eat rotten meat.
You are covered in fur (AC +1).
You have very tough skin (AC +2).


Message History

The goliath beetle is moderately wounded.
You feel sick. The goliath beetle closely misses you.
The kobold hits you with a runed blowgun.
You scratch the goliath beetle but do no damage.
The goliath beetle is moderately wounded.
You feel sick. The kobold barely misses you.
You claw the goliath beetle!
The goliath beetle is moderately wounded.
You feel sick. The orc hits you. The goliath beetle barely misses you.
You scratch the goliath beetle.
The goliath beetle is heavily wounded.
You feel sick. The kobold barely misses you.
The orc hits you but does no damage.
Unknown command.
You claw the goliath beetle!
The goliath beetle is severely wounded.
You feel sick. The kobold barely misses you. The goliath beetle bites you!!
Ouch! That really hurt!
You die...
Your body rises from the dead as a mindless zombie.

..# #................
#..##............##(.
##...................#
###..................###
.<...................#
.....[...........)...#
.........................
.........................
.......K@................
.......Bo###.............
.......%. ..............
..(.....................
....$...#########.......
.......# ##... ..##### .


You could see a goliath beetle, an orc and a kobold.

Vanquished Creatures
  Sigmund (D:3)
  2 adders (D:2)
  4 giant geckos
  3 ball pythons
  7 bats
  A giant cockroach (D:1)
  A goblin (D:1)
  6 hobgoblins
  3 giant newts (D:1)
  7 kobolds
  4 rats
  2 toadstools (D:1)
41 creatures vanquished.

Vanquished Creatures (others)
  2 toadstools (D:1)
2 creatures vanquished.

Grand Total: 43 creatures vanquished

Notes
Turn   | Place    | Note
--------------------------------------------------------------
     0 | D:1      | MDvedh, the Troll Death Knight, began the quest for the Orb.
     0 | D:1      | Reached XP level 1. HP: 19/19 MP: 1/1
    89 | D:1      | Reached XP level 2. HP: 27/27 MP: 1/1
   197 | D:1      | Reached skill level 3 in Unarmed Combat
   569 | D:1      | Acquired Yredelemnul's second power
   585 | D:1      | Reached XP level 3. HP: 33/33 MP: 3/3
  1039 | D:2      | Reached skill level 4 in Unarmed Combat
  1439 | D:3      | Noticed Sigmund
  1449 | D:3      | Killed Sigmund
  1449 | D:3      | Reached skill level 5 in Unarmed Combat
  1449 | D:3      | Reached XP level 4. HP: 11/41 MP: 3/3
  1542 | D:3      | Mangled by a goliath beetle

Action                   |  1- 3 |  4- 6 || total
-------------------------+-------+-------++-------
Melee: Unarmed           |    95 |    10 ||   105
  Eat: Chunk             |    10 |     3 ||    13
